 Dungeon Sprint DCSS version 0.30-a0-305-g026cb31310 (webtiles) character file.

Game seed: 7923444855096443656

391 rocky1 the Grappler (level 6, -6/56 HPs)
             Began as a Draconian Transmuter on Oct 23, 2022.
             Was an Initiate of Gozag.
             Mangled by a shadow (23 damage)
             ... in the Dungeon (Sprint IX: "|||||||||||||||||||||||||||||").
             The game lasted 00:02:49 (428 turns).

rocky1 the Grappler (Draconian Transmuter)           Turns: 428, Time: 00:02:50

Health: -6/56      AC:  8    Str: 18    XL:     6   Next: 50%
Magic:  7/14       EV: 13    Int: 16    God:    Gozag
Gold:   0          SH:  0    Dex: 11    Spells: 6/16 levels left

rFire   . . .      SeeInvis .      - Unarmed
rCold   . . .      Faith    .    (no shield)
rNeg    . . .      Spirit   .    (body armour unavailable)
rPois   .          Reflect  .    (helmet restricted)
rElec   .          Harm     .    (no cloak)
rCorr   .          Rampage  .    k - +0 pair of gloves
Will    .....      NoTele   +    l - +0 pair of boots
Stlth   +.........               (no amulet)
HPRegen 0.29/turn                m - +3 ring of strength
MPRegen 0.14/turn                n - +3 ring of intelligence

@: no status effects
A: AC +6, unfitting armour, cold-blooded
a: Renounce Religion, Potion Petition, Call Merchant, Bribe Branch


You were in the Dungeon.
You worshipped Gozag.
Gozag was noncommittal.
You visited 1 branch

Inventory:

Armour
 k - a +0 pair of gloves (worn)
 l - a +0 pair of boots (worn)
Jewellery
 m - a +3 ring of strength (left hand)
 n - a +3 ring of intelligence (right hand)
Wands
 j - a wand of light (10)
Scrolls
 g - 2 scrolls of blinking
 i - 2 scrolls of amnesia
Potions
 a - a potion of lignification
 b - 5 potions of curing
 d - a potion of haste
 e - 4 potions of magic
 f - a potion of berserk rage
 h - a potion of heal wounds


   Skills:
 + Level 5.1 Fighting
 + Level 5.3 Dodging
 * Level 9.5 Unarmed Combat
 + Level 5.7 Spellcasting
 + Level 5.8 Transmutations


You had 6 spell levels left.
You knew the following spells:

 Your Spells              Type           Power      Damage    Failure   Level
a - Beastly Appendage     Tmut           46%        N/A       1%          1
b - Wereblood             Tmut           23%        N/A       1%          2
c - Spider Form           Tmut/Pois      13%        N/A       13%         3
d - Ice Form              Ice/Tmut       13%        N/A       38%         4

Your spell library contained the following spells:

 Spells                   Type           Power      Damage    Failure   Level


Dungeon Overview and Level Annotations

Branches:
Dungeon (1/1)

Altars:
Cheibriados
Dithmenos
Elyvilon
Fedhas
Gozag
Hepliaklqana
Kikubaaqudgha
Makhleb
Nemelex Xobeh
Okawaru
Qazlal
Ru
Sif Muna
Trog
Uskayaw
Vehumet
Wu Jian
Xom
Yredelemnul
Zin
The Shining One
Jiyva
Lugonu


Innate Abilities, Weirdness & Mutations

Your plain brown scales are hard. (AC +6)
You cannot fit into any form of body armour.
You are cold-blooded and may be slowed by cold attacks.


Message History

Unknown command.
You feel much better. The shadow hits you!
Unknown command.
You hit the shadow but do no damage.
The shadow is moderately damaged.
The shadow slips into darkness.
The shadow flickers and vanishes!
Deactivating autopickup; reactivate with Ctrl-A.
You barely miss something.
The shadow strikes at you from the darkness!
Reactivating autopickup.
You hit the shadow.
The shadow is moderately damaged.
The shadow closely misses you.
You hit the shadow.
The shadow is moderately damaged.
The shadow hits you.
You completely miss the shadow.
The shadow is moderately damaged.
The shadow hits you!
You bite the shadow!
The shadow is severely damaged.
The shadow barely misses you.
You hit the shadow.
The shadow is severely damaged.
You hit the shadow.
The shadow is severely damaged.
Your transformation has ended.
Your +0 pair of gloves unmelds from your body.
Your +0 pair of boots unmelds from your body.
The shadow hits you.
You barely miss the shadow.
The shadow is severely damaged.
The shadow slips into darkness.
The shadow flickers and vanishes!
Deactivating autopickup; reactivate with Ctrl-A.
You hit something but do no damage.
The shadow strikes at you from the darkness!
You die...
Your body crumbles into a pile of gold.

▓+▓
$
▓.▓
$
▓.▓
$ $
▓.▓
$
▓.▓
$ $
▓{▓
▓@▓
$
▓'▓
▓.▓
$
▓.▓
▓[▓
$
▓.▓
▓.▓
$
▓.▓
$
▓)▓


There were no monsters in sight!

Vanquished Creatures
  An orc warrior (D)
  A kobold brigand (D)
  A gnoll sergeant (D)
  A wight (D)
  A howler monkey (D)
  2 hounds (D)
  An adder (D)
  A white imp (D)
  An endoplasm (D)
  A jackal (D)
  A quokka (D)
  A kobold (D)
  2 rats (D)
15 creatures vanquished.

Notes
Turn   | Place    | Note
-------+----------+-------------------------------------------
     0 | D        | rocky1 the Draconian Transmuter began the quest for the
                  | Orb.
     0 | D        | Reached XP level 1. HP: 16/16 MP: 3/3
    21 | D        | Noticed a hound
    21 | D        | Noticed a hound
    28 | D        | Reached skill level 4 in Unarmed Combat
    28 | D        | Reached XP level 2. HP: 17/23 MP: 2/5
    32 | D        | Reached skill level 5 in Unarmed Combat
    32 | D        | Reached XP level 3. HP: 20/28 MP: 2/7
    36 | D        | HP: 1/28 [white imp (5)]
    39 | D        | Reached skill level 6 in Unarmed Combat
    42 | D        | Reached XP level 4. HP: 35/35 MP: 3/9
    46 | D        | Found a snail-covered altar of Cheibriados.
    46 | D        | Found a shadowy altar of Dithmenos.
    46 | D        | Found a white marble altar of Elyvilon.
    46 | D        | Found a blossoming altar of Fedhas.
    46 | D        | Found an opulent altar of Gozag.
   296 | D        | Found a hazy altar of Hepliaklqana.
   297 | D        | Found a viscous altar of Jiyva.
   298 | D        | Found an ancient bone altar of Kikubaaqudgha.
   299 | D        | Found a corrupted altar of Lugonu.
   300 | D        | Found a burning altar of Makhleb.
   301 | D        | Found a sparkling altar of Nemelex Xobeh.
   302 | D        | Found an iron altar of Okawaru.
   311 | D        | Became a worshipper of Gozag Ym Sagoz the Greedy
   312 | D        | Found a stormy altar of Qazlal.
   313 | D        | Found a sacrificial altar of Ru.
   314 | D        | Found a shimmering blue altar of Sif Muna.
   315 | D        | Found a bloodstained altar of Trog.
   316 | D        | Found a hide-covered altar of Uskayaw.
   317 | D        | Found a radiant altar of Vehumet.
   318 | D        | Found an ornate altar of the Wu Jian Council.
   319 | D        | Found a shimmering altar of Xom.
   320 | D        | Found a basalt altar of Yredelemnul.
   321 | D        | Found a glowing silver altar of Zin.
   322 | D        | Found a glowing golden altar of the Shining One.
   377 | D        | Learned a level 2 spell: Wereblood
   381 | D        | Learned a level 3 spell: Spider Form
   386 | D        | Learned a level 4 spell: Ice Form
   388 | D        | Noticed a shadow
   388 | D        | Noticed a kobold brigand
   388 | D        | Noticed a gnoll sergeant
   388 | D        | Noticed an orc warrior
   396 | D        | Killed an orc warrior
   397 | D        | Reached skill level 7 in Unarmed Combat
   397 | D        | Reached XP level 5. HP: 35/45 MP: 7/11
   402 | D        | Reached skill level 8 in Unarmed Combat
   406 | D        | Reached skill level 5 in Spellcasting
   406 | D        | Reached skill level 5 in Transmutations
   406 | D        | Reached XP level 6. HP: 43/52 MP: 5/13
   412 | D        | Reached skill level 5 in Dodging
   412 | D        | Reached skill level 9 in Unarmed Combat
   417 | D        | Reached skill level 5 in Fighting
   428 | D        | Mangled by a shadow

Illustrated notes

Levels and vault maps discovered:
D:        linesprint [early_d, line_temple, items_1, d_10, items_2, lair_1,
          lair_end, items_3, orc_1, orc_end, items_4, d_15, swamp_1, shoals_1,
          snake_1, spider_1, d_20, vaults_1, items_5, swamp_end, shoals_end,
          snake_end, spider_end, vaults_end, d_27, items_6, zot_1, zot_end,
          crypt_end, forest_end, elf_end, slime_end, tomb_end, abyss_end,
          pan_hell_end]

Skill      XL: |  1  2  3  4  5  6 |
---------------+-------------------+-----
Dodging        | 2 3 4 5 |  5.3
Unarmed Combat | 4 5 6 7 8 9 |  9.5
Spellcasting   | 3 4 5 |  5.7
Transmutations | 3 4 5 |  5.8
Fighting       | 3 4 5 |  5.1

Action                   |  1- 3 |  4- 6 || total
-------------------------+-------+-------++-------
Melee: Unarmed           |    25 |    36 ||    61
       Kick              |     8 |       ||     8
       Tailslap          |     3 |       ||     3
       Headbutt          |     1 |       ||     1
       Punch             |     1 |       ||     1
 Cast: Beastly Appendage |     3 |       ||     3
       Spider Form       |       |     2 ||     2
  Use: Potion            |     1 |     2 ||     3
 Stab: Invisible         |       |     8 ||     8
Armor: Skin              |     7 |     1 ||     8
Dodge: Dodged            |    12 |    13 ||    25

Table legend: (Time is in decaauts)
 A = Elapsed time spent in this place.
 B = Non-inter-level travel time spent in this place.
 C = Inter-level travel time spent in this place.
 D = Time resting spent in this place.
 E = Time spent auto-exploring this place.
 F = Levels seen in this place.
 G = Mean time per level.
                   A        B        C        D        E       F      G
               +--------+--------+--------+--------+--------+-----+--------+
         Total |    421 |    421 |      0 |    249 |      0 |   1 |  421.0 |
       Dungeon |    421 |    421 |      0 |    249 |      0 |   1 |  421.0 |
               +--------+--------+--------+--------+--------+-----+--------+

Top non-repeatable levels by time:
       D: 421 daAuts
